Map: Ruins of Endion

Players

demacedius - Winner!

  • Race: Terran Terran
  • League: Master

blackxored

  • Race: Zerg Zerg
  • League: Platinum

VOD

Have the link to the VOD?

Description

Time

  • Played on: June 30, 2016, 7:45 a.m.
  • Length: 14:01
Show
View Real Time Build Order
Export as new Build Order

demacedius Terran - Winner!

Build Orders: Reaper Expand, Banshee Rush 

Get SALT Encoding   

  12  0:01  SCV  
  13  0:13  SCV  
  14  0:18  Supply Depot  
  14  0:25  SCV  
  15  0:40  SCV  
  15  0:41  Barracks  
  16  0:45  Refinery  
  16  0:52  SCV  
  18  1:04  SCV  
  18  1:16  SCV  
  19  1:28  Orbital Command  
  19  1:29  Reaper  
  20  1:42  Command Center  
  20  1:51  Supply Depot  
  20  1:55  SCV  
  20  2:01  Refinery  
  21  2:02  Marine  
  21  2:07  SCV  
  23  2:14  Factory  
  23  2:19  SCV  
  24  2:23  Barracks Reactor  
  24  2:31  SCV  
  25  2:45  SCV  
  26  2:57  SCV, Orbital Command  
  27  3:05  Starport  
  27  3:08  Barracks Tech Lab  
  27  3:09  SCV  
  27  3:10  Hellion x2  
  32  3:16  Supply Depot  
  32  3:21  SCV  
  32  3:24  SCV  
  34  3:32  Hellion x2  
  34  3:33  SCV  
  39  3:36  SCV  
  40  3:45  SCV  
  41  3:50  Fusion Core  
  41  3:51  Cloaking Field  
  41  3:54  Viking, SCV  
  44  3:57  SCV  
  44  3:59  Supply Depot  
  45  4:06  Hellion x2, SCV  
  51  4:10  SCV  
  51  4:18  SCV  
  51  4:22  SCV  
  53  4:25  Supply Depot  
  53  4:27  Hellion x2  
  53  4:30  SCV  
  58  4:38  SCV  
  59  4:42  SCV  
  60  4:47  Battlecruiser  
  60  4:48  Supply Depot  
  60  4:49  Hellion x2  
  68  4:55  SCV  
  68  4:56  SCV  
  70  5:01  Armory  
  70  5:10  Hellion x2, SCV  
  75  5:22  SCV  
  75  5:23  Supply Depot  
  75  5:26  SCV  
  77  5:34  Command Center, SCV  
  78  5:41  Supply Depot x2  
  78  5:45  Hellion x2, Liberator  
  78  5:46  SCV x2  
  78  5:48  Supply Depot  
  84  5:58  Advanced Ballistics  
  84  6:04  Refinery x2  
  87  6:06  SCV  
  87  6:07  Hellion x2  
  87  6:08  SCV  
  93  6:11  Supply Depot  
  93  6:21  SCV  
  93  6:22  SCV, Terran Ship Weapons Level 1  
  95  6:28  Hellion x2, Liberator  
  99  6:34  SCV  
  100  6:46  SCV  
  102  6:49  Hellion x2  
  102  6:52  SCV  
  100  6:55  Orbital Command  
  100  6:58  SCV  
  100  7:01  Supply Depot  
  100  7:04  SCV  
  101  7:10  SCV  
  101  7:11  Hellion x2  
  101  7:14  Refinery  
  101  7:15  Refinery  
  99  7:22  SCV  
  94  7:23  Starport  
  94  7:24  Starport  
  94  7:26  Starport  
  94  7:27  Starport, SCV x2  
  96  7:32  Hellbat, Hellion, Liberator  
  96  7:34  SCV  
  101  7:39  SCV x2  
  103  7:50  Supply Depot  
  106  7:53  SCV x3  
  106  7:54  Command Center  
  106  7:56  Engineering Bay  
  109  8:04  Starport Reactor x2  
  109  8:05  Hyperflight Rotors, Starport Tech Lab x2  
  109  8:06  Hellion x2  
  109  8:08  Liberator x2  
  113  8:14  Liberator  
  110  8:23  Missile Turret  
  110  8:26  Liberator  
  110  8:27  Liberator  
  116  8:28  Hellion x2, Missile Turret x2  
  116  8:30  Missile Turret x2  
  123  8:40  Liberator  
  123  8:41  Liberator  
  129  8:49  Hellion x2  
  133  8:55  Command Center  
  133  9:01  Liberator x2  
  136  9:09  Orbital Command  
  136  9:10  Hellbat  
  136  9:11  Hellbat  
  140  9:17  Command Center  
  140  9:18  Liberator x2  
  140  9:22  Supply Depot x2  
  146  9:30  Liberator  
  146  9:34  Refinery  
  152  9:43  Refinery  
  155  9:53  Orbital Command  
  155  9:56  Supply Depot  
  155  9:58  Supply Depot  
  155  9:59  Hellion  
  159  10:00  Hellbat  
  159  10:10  Liberator x2  
  159  10:12  Orbital Command  
  159  10:15  Command Center  
  159  10:21  Hellbat, Hellion  
  172  10:31  Battlecruiser  
  175  10:38  Battlecruiser  
  175  10:42  Hellion x2  
  185  10:44  Command Center  
  185  10:53  Terran Ship Weapons Level 2  
  185  10:55  Liberator x2  
  185  11:00  Missile Turret  
  185  11:01  Missile Turret  
  185  11:12  Battlecruiser  
  185  11:13  Refinery x2  
  185  11:16  Viking  
  199  11:26  Planetary Fortress  
  199  11:30  Orbital Command  
  199  11:31  Weapon Refit  
  181  11:49  Viking x3  
  181  11:52  Liberator  
  170  11:55  Liberator  
  164  12:07  Battlecruiser  
  176  12:16  Battlecruiser  
  182  12:30  Hellbat x2  
  186  12:42  Starport x2  
  186  12:43  Starport  
  186  12:44  Starport  
  186  12:46  Command Center  
  186  12:48  Hellion x10  
  186  13:02  Command Center  
  186  13:04  Hellbat x2  
  167  13:55  Starport Tech Lab x3  
Show
View Real Time Build Order
Export as new Build Order

blackxored Zerg 

Build Orders: Hatch First 

Get SALT Encoding   

  12  0:01  Drone  
  13  0:08  Drone  
  14  0:17  Overlord  
  14  0:23  Extractor  
  14  0:24  Drone  
  15  0:39  Drone x2  
  17  0:54  Hatchery  
  16  0:58  Drone  
  16  1:00  Drone  
  18  1:12  Extractor  
  18  1:16  Spawning Pool  
  16  1:20  Drone  
  16  1:22  Drone  
  18  1:30  Drone  
  19  1:41  Overlord  
  19  1:49  Drone  
  20  2:08  Zergling x4  
  22  2:09  Queen  
  24  2:16  Zergling x2  
  24  2:18  Hatchery  
  24  2:21  Metabolic Boost  
  24  2:26  Drone  
  23  2:48  Queen  
  27  2:52  Pneumatized Carapace  
  27  2:55  Drone x4  
  29  3:00  Overlord  
  29  3:09  Drone x3  
  32  3:18  Zergling x4  
  32  3:19  Zergling x2  
  35  3:22  Overlord  
  35  3:30  Drone  
  35  3:31  Drone x2  
  38  3:59  Spore Crawler  
  37  4:04  Spore Crawler  
  37  4:05  Drone x3  
  37  4:06  Extractor  
  37  4:07  Roach Warren  
  37  4:08  Drone x3  
  40  4:12  Queen, Spore Crawler  
  40  4:13  Spore Crawler  
  40  4:21  Queen  
  42  4:26  Queen  
  44  4:36  Drone x3  
  44  4:37  Drone  
  48  4:45  Zergling x4  
  48  5:00  Roach  
  48  5:01  Overlord  
  48  5:02  Overlord  
  48  5:18  Spore Crawler  
  48  5:20  Lair  
  46  5:22  Drone x4  
  46  5:23  Drone x4  
  54  5:30  Drone  
  54  5:31  Drone x5  
  60  5:37  Queen  
  60  5:41  Overlord  
  62  5:44  Ravager  
  64  5:50  Drone  
  64  5:51  Spore Crawler  
  64  5:53  Extractor  
  64  5:55  Extractor  
  64  5:56  Queen  
  63  5:58  Overlord  
  63  6:21  Drone  
  63  6:22  Spire  
  63  6:25  Roach x5  
  69  6:38  Roach x2  
  66  6:51  Roach x6  
  71  6:55  Roach  
  69  7:03  Roach  
  69  7:04  Roach x2  
  66  7:10  Roach  
  66  7:11  Roach  
  66  7:14  Queen x3  
  69  7:22  Drone x3  
  69  7:27  Ravager x3  
  69  7:28  Ravager  
  73  7:31  Drone  
  74  7:38  Overlord x3  
  74  8:01  Zerg Flyer Armor Level 1  
  74  8:02  Evolution Chamber  
  74  8:03  Evolution Chamber  
  74  8:04  Zergling x16  
  80  8:13  Corruptor  
  82  8:20  Drone x2  
  82  8:21  Drone x3  
  82  8:26  Drone  
  88  8:35  Corruptor  
  85  9:02  Zerg Missile Weapons Level 1, Zerg Ground Armor Level 1  
  85  9:04  Drone x11  
  96  9:20  Drone  
  97  9:25  Extractor  
  97  9:27  Drone  
  97  9:28  Extractor, Drone  
  97  9:29  Drone  
  98  9:31  Overlord  
  98  9:36  Hatchery  
  97  9:43  Spire  
  96  9:46  Overlord x2  
  96  9:52  Overlord  
  96  9:54  Overlord  
  96  10:00  Zerg Flyer Armor Level 2  
  96  10:08  Corruptor  
  96  10:10  Corruptor  
  96  10:12  Overseer  
  100  10:23  Corruptor x2  
  100  10:26  Roach  
  100  10:27  Roach  
  102  10:34  Roach x3  
  108  10:36  Ravager x4  
  112  10:44  Queen  
  112  10:46  Queen  
  116  10:57  Zerg Flyer Weapons Level 1  
  116  10:58  Corruptor x2  
  116  10:59  Infestation Pit  
  120  11:11  Ravager x2  
  120  11:12  Roach x3  
  127  11:31  Roach  
  127  11:32  Overlord x2  
  129  11:33  Overlord  
  87  12:02  Roach x12  
  87  12:03  Roach x5  
  87  12:05  Ravager  
  87  12:06  Ravager x3  
  87  12:07  Ravager  
  87  12:08  Ravager  
  125  12:25  Drone  
  125  12:26  Nydus Network  
  125  12:28  Roach  
  127  12:30  Roach  
  129  12:40  Roach x4  
  137  12:50  Hatchery  
  130  13:07  Roach  
  130  13:08  Roach x2  
  130  13:09  Overlord x3  
  136  13:26  Nydus Canal  
  135  13:28  Roach x4  
Tags
 
Add a new tag
Caveats
  • Supply blocks, unpowered buildings, or Contaminate may cause inaccurate times.
  • Supply counts are checked every 10 seconds.